 Dungeon Crawl Stone Soup version 0.28.0-45-g0d030f2227 (webtiles) character file.

Game seed: 16989139643895096254

318 Ablot the Cutter (level 6, -1/53 HPs)
             Began as a Gnoll Chaos Knight on Apr 15, 2022.
             Was a Plaything of Xom.
             Slain by an ogre
             ... wielding a +1 giant spiked club of chaos
              (9 damage)
             ... on level 4 of the Dungeon.
             The game lasted 00:04:43 (3260 turns).

Ablot the Cutter (Gnoll Chaos Knight)               Turns: 3260, Time: 00:04:44

Health: -1/53      AC:  7    Str: 17    XL:     6   Next: 45%
Magic:  9/9        EV: 12    Int: 13    God:    Xom [..*...]
Gold:   106        SH:  0    Dex: 12    Spells: 9/9 levels left

rFire   . . .      SeeInvis .   a - +0 short sword (chaos)
rCold   . . .      Faith    .   (no shield)
rNeg    . . .      Spirit   .   b - +3 leather armour of the Sturgeon {rPois rCorr Int+2}
rPois   +          Reflect  .   e - +0 helmet of Bedevilment {Str+4 Slay+2}
rElec   .          Harm     .   (no cloak)
rCorr   +          Rampage  .   (no gloves)
Will    .....                   (no boots)
Stlth   ++........              (no amulet)
HPRegen 0.17/turn               (no ring)
MPRegen 0.11/turn               (no ring)

@: lethally poisoned (-1 -> -3)
A: fangs 1, strong nose, distributed training
a: Renounce Religion


You were on level 4 of the Dungeon.
You worshipped Xom.
You were a toy of Xom.
You visited 1 branch of the dungeon, and saw 4 of its levels.

You collected 106 gold pieces.

Inventory:

Hand Weapons
 a - a +0 short sword of chaos (weapon)
Missiles
 f - 72 stones
 k - 17 arrows
 n - 3 boomerangs (quivered)
 s - 5 javelins
Armour
 b - the +3 leather armour of the Sturgeon (worn) {rPois rCorr Int+2}
   (You found it on level 2 of the Dungeon)

   Int:       It affects your intelligence (+2).
   rPois:     It protects you from poison.
   rCorr:     It protects you from acid and corrosion.
 e - the +0 helmet of Bedevilment (worn) {Str+4 Slay+2}
   (You found it on level 4 of the Dungeon)

   Str:       It affects your strength (+4).
   Slay:      It affects your accuracy & damage with ranged weapons and melee
   (+2).
 i - a +2 kite shield
Wands
 q - a wand of paralysis (8)
 u - a wand of flame (35)
Scrolls
 d - 2 scrolls of noise {unknown}
 g - 2 scrolls of vulnerability {unknown}
 j - a scroll of fog {unknown}
 l - a scroll of fear {unknown}
 m - a scroll of blinking {unknown}
 p - a scroll of immolation {unknown}
Potions
 c - 2 potions of mutation {unknown}
 h - a potion of invisibility {unknown}
 o - a potion of resistance {unknown}
 r - a potion of heal wounds {unknown}
 t - a potion of attraction {unknown}
 v - a potion of ambrosia {unknown}
 w - a potion of flight {unknown}


   Skills:
 + Level 6.8 Fighting
 + Level 6.8 Short Blades
 + Level 2.0 Long Blades
 + Level 2.0 Axes
 + Level 2.0 Maces & Flails
 + Level 2.0 Polearms
 + Level 2.0 Staves
 + Level 2.0 Slings
 + Level 2.0 Bows
 + Level 2.0 Crossbows
 + Level 2.0 Throwing
 + Level 5.0 Armour
 + Level 3.2 Dodging
 + Level 2.0 Stealth
 + Level 2.0 Shields
 + Level 2.0 Unarmed Combat
 + Level 2.0 Spellcasting
 + Level 1.5 Conjurations
 + Level 1.5 Hexes
 + Level 1.5 Summonings
 + Level 1.5 Necromancy
 + Level 1.5 Translocations
 + Level 1.5 Transmutations
 + Level 1.5 Fire Magic
 + Level 1.5 Ice Magic
 + Level 1.5 Air Magic
 + Level 1.5 Earth Magic
 + Level 1.5 Poison Magic
 + Level 2.1 Invocations
 + Level 2.0 Evocations


You had 9 spell levels left.
You didn't know any spells.
Your spell library was empty.

Dungeon Overview and Level Annotations

Branches:
Dungeon (4/15)
 Temple: D:4-7

Altars:

Shops:
D:3 :


Innate Abilities, Weirdness & Mutations

You have very sharp teeth.
Your uncanny sense of smell can sniff out nearby items.
Your experience applies equally to all skills.


Message History

Reactivating autopickup.
You feel a bit more experienced.
u - a wand of flame (35) (gained 14 charges)
A hobgoblin comes into view.
The hobgoblin shouts!
The hobgoblin misses you.
The ogre shouts!
You hit the hobgoblin.
Lightning courses through the hobgoblin!
You kill the hobgoblin!
Xom titters.
You are confused.
You are now a toy of Xom.
The ogre barely misses you. The ogre closely misses you.
The ogre barely misses you.
You closely miss the ogre.
The ogre hits you with a +1 giant spiked club of chaos!
You are poisoned.
You feel less confused.
You feel sick.
The ogre hits you with a +1 giant spiked club of chaos!
You puncture the ogre!
The ogre is moderately wounded.
You feel sick. The ogre barely misses you.
You hit the ogre. You punch the ogre.
The ogre is heavily wounded.
You feel sick.
You puncture the ogre!
The ogre is poisoned.
The ogre is severely wounded.
You feel sick. The ogre barely misses you.
You barely miss the ogre.
The ogre is severely wounded.
You hit the ogre.
You feel better.
The ogre is almost dead.
You feel sick.
The ogre hits you with a +1 giant spiked club of chaos!!
* * * LOW HITPOINT WARNING * * *
You are electrocuted!
You die...

...............# ...............#
...............# ................
...............##................
...............#.................
....###..............###...<.....
....................###..........
.................................
................O...........###.#
................@...........#8...
............................###.#
............................#8...
............................###.#
............................#8...
............................###.#
......O.....................#8...
......<.....................###.#
.............. .............#


You could see an ogre (very poisoned).

Vanquished Creatures
  A phantom (D:4)
  An orc priest (D:3)
  A hound (D:4)
  Jessica (D:3)
  An iguana (D:3)
  Ijyb (D:3)
  An adder (D:2)
  An adder skeleton (D:4)
  4 worms
  5 dart slugs
  5 orcs
  5 endoplasms
  3 giant cockroaches
  7 goblins
  9 hobgoblins
  4 jackals (D:1)
  A quokka (D:2)
  9 ball pythons
  4 bats
  4 frilled lizards
  4 kobolds
  5 rats
77 creatures vanquished.

Vanquished Creatures (others)
  A fungus (D:1)
  A plant (D:1)
2 creatures vanquished.

Grand Total: 79 creatures vanquished

Notes
Turn   | Place    | Note
-------+----------+-------------------------------------------
     0 | D:1      | Ablot the Gnoll Chaos Knight began the quest for the Orb.
     0 | D:1      | Reached XP level 1. HP: 23/23 MP: 1/1
   108 | D:1      | Reached XP level 2. HP: 17/29 MP: 2/2
   209 | D:1      | XOM: silly message
   401 | D:1      | XOM: divination: detect creatures
   462 | D:1      | Found a faded altar of an unknown god.
   522 | D:1      | Reached XP level 3. HP: 35/35 MP: 3/3
   660 | D:1      | XOM: cloud trail
   673 | D:1      | Reached skill level 1 in Invocations
   782 | D:1      | XOM: silly message
   984 | D:2      | Identified the +3 leather armour of the Sturgeon {rPois
                  | rCorr Int+2}
  1056 | D:2      | XOM: smoke on damage
  1136 | D:2      | Reached skill level 1 in Long Blades
  1136 | D:2      | Reached skill level 1 in Axes
  1136 | D:2      | Reached skill level 1 in Maces & Flails
  1136 | D:2      | Reached skill level 1 in Polearms
  1136 | D:2      | Reached skill level 1 in Staves
  1136 | D:2      | Reached skill level 1 in Slings
  1136 | D:2      | Reached skill level 1 in Bows
  1136 | D:2      | Reached skill level 1 in Crossbows
  1136 | D:2      | Reached skill level 1 in Throwing
  1136 | D:2      | Reached skill level 1 in Stealth
  1136 | D:2      | Reached skill level 1 in Shields
  1136 | D:2      | Reached skill level 1 in Unarmed Combat
  1136 | D:2      | Reached skill level 1 in Spellcasting
  1136 | D:2      | Reached skill level 1 in Evocations
  1153 | D:2      | XOM: 1-stop teleportation journey
  1155 | D:2      | Reached XP level 4. HP: 41/41 MP: 5/5
  1414 | D:2      | XOM: divination: detect items
  1817 | D:3      | Noticed Jessica
  1820 | D:3      | XOM: butterfly on damage
  1825 | D:3      | Killed Jessica
  1826 | D:3      | Reached skill level 1 in Conjurations
  1826 | D:3      | Reached skill level 1 in Hexes
  1826 | D:3      | Reached skill level 1 in Summonings
  1826 | D:3      | Reached skill level 1 in Necromancy
  1826 | D:3      | Reached skill level 1 in Translocations
  1826 | D:3      | Reached skill level 1 in Transmutations
  1826 | D:3      | Reached skill level 1 in Fire Magic
  1826 | D:3      | Reached skill level 1 in Ice Magic
  1826 | D:3      | Reached skill level 1 in Air Magic
  1826 | D:3      | Reached skill level 1 in Earth Magic
  1826 | D:3      | Reached skill level 1 in Poison Magic
  1827 | D:3      | XOM: enchant monster (bad)
  1869 | D:3      | XOM: draining
  1983 | D:3      | Noticed Ijyb
  1991 | D:3      | Paralysed by Ijyb for 7 turns
  2004 | D:3      | Killed Ijyb
  2005 | D:3      | Reached XP level 5. HP: 34/43 MP: 5/7
  2079 | D:3      | XOM: summons 3 hostile demons
  2176 | D:3      | Found Besio's Book Emporium.
  2570 | D:4      | Noticed an ogre
  2575 | D:4      | XOM: chaos upgrade
  2578 | D:3      | XOM: smoke on damage
  2600 | D:3      | XOM: summons 3 hostile demons
  2601 | D:3      | Noticed a chaos spawn
  2749 | D:4      | Noticed a phantom
  2766 | D:4      | Killed a phantom
  2767 | D:4      | Reached XP level 6. HP: 33/53 MP: 8/8
  2943 | D:4      | Identified the +0 helmet of Bedevilment {Str+4 Slay+2}
  3177 | D:4      | Reached skill level 5 in Armour
  3247 | D:4      | XOM: confusion
  3260 | D:4      | Slain by an ogre

Illustrated notes

Levels and vault maps discovered:
D:1:      lightli_molten_gateway, layout_basic,
          shapermc_ecumenical_altar_mp_urbaneastern
D:2:      layout_loops_ring, minmay_fountain_box
D:3:      layout_basic, serial_shops, shop, uniq_jessica, uniq_ijyb
D:4:      layout_layer_cave, minivault_25, minmay_misc_feat_hallway

Skill      XL: |  1  2  3  4  5  6 |
---------------+-------------------+-----
Invocations    | 1 2 |  2.1
Long Blades    | 1 2 |  2.0
Axes           | 1 2 |  2.0
Maces & Flails | 1 2 |  2.0
Polearms       | 1 2 |  2.0
Staves         | 1 2 |  2.0
Slings         | 1 2 |  2.0
Bows           | 1 2 |  2.0
Crossbows      | 1 2 |  2.0
Throwing       | 1 2 |  2.0
Stealth        | 1 2 |  2.0
Shields        | 1 2 |  2.0
Unarmed Combat | 1 2 |  2.0
Spellcasting   | 1 2 |  2.0
Evocations     | 1 2 |  2.0
Conjurations   | 1 |  1.5
Hexes          | 1 |  1.5
Summonings     | 1 |  1.5
Necromancy     | 1 |  1.5
Translocations | 1 |  1.5
Transmutations | 1 |  1.5
Fire Magic     | 1 |  1.5
Ice Magic      | 1 |  1.5
Air Magic      | 1 |  1.5
Earth Magic    | 1 |  1.5
Poison Magic   | 1 |  1.5
Dodging        | 3 |  3.2
Armour         | 5 |  5.0
Fighting       | |  6.8
Short Blades   | |  6.8

Action                   |  1- 3 |  4- 6 || total
-------------------------+-------+-------++-------
Melee: Short sword       |   101 |   146 ||   247
       Bite              |    10 |     9 ||    19
       Punch             |     1 |     2 ||     3
Throw: Boomerang         |       |     7 ||     7
 Stab: Sleeping          |     2 |     1 ||     3
Armor: Leather armour    |    39 |    51 ||    90
Dodge: Dodged            |    53 |    94 ||   147
